Arrhythmia, neutral female human Tourist ... ..fG. ..)@% ..h.. Arrhythmia the Sightseer Experience level: 4 Strength: 12 Dexterity: 15 Constitution: 15 Intelligence: 11 Wisdom: 8 Charisma: 15 Health: 0(30) Energy: 15(15) AC: 3 Gold: 874 Moves: 2419 Your Inventory: Coins $ - 874 gold pieces Amulets p - an [uncursed] rectangular amulet [of ESP] E - an [uncursed] rectangular amulet [of ESP] Weapons a - 28 uncursed +2 darts (in quiver) L - 3 [uncursed +0] daggers (wielded) Armor l - an uncursed +0 Hawaiian shirt (being worn) s - a [blessed] +2 studded leather armor (being worn) I - an [uncursed] +0 pair of hard shoes [iron] (being worn) Comestibles c - 2 uncursed tripe rations d - 4 uncursed food rations f - 2 uncursed [stale] eggs g - an uncursed cram ration Q - an uncursed partly eaten food ration Scrolls j - 3 uncursed scrolls of magic mapping k - a blessed scroll of magic mapping r - a [cursed] scroll labeled XIXAXA XOXAXA XUXAXA [of create monster] y - an [uncursed] scroll labeled XIXAXA XOXAXA XUXAXA [of create monster] Potions i - an uncursed potion of extra healing v - a [cursed] silver potion [of see invisible] A - a [cursed] smoky potion [of confusion] C - an [uncursed] gooey potion [of gain energy] Rings w - a [cursed] steel ring [of aggravate monster] x - an [uncursed] ruby ring [of cold resistance] Wands z - an [uncursed] wand of striking [0:7] Tools m - an uncursed expensive camera (0:55) n - an uncursed credit card M - an [uncursed] magic whistle Gems F - an [uncursed] blue gem [worthless glass] N - an [uncursed] green gem [jade] O - an [uncursed] violet gem [worthless glass] Spells known in the end: Name Level Category Fail Memory Your skills at the end: Fighting Skills Weapon Skills dart [Basic / Expert] Spellcasting Skills Final Attributes: You were fervently aligned. Hunger level was 103. Your alignment was 13 / 22. Monster difficulty range was 0 - 4. Level difficulty was 5. You were lucky (1). You are dead. Vanquished creatures: a leprechaun an imp a pony a gnome lord a dwarf a kobold lord a kobold shaman 2 rothes a monkey 2 iguanas 2 giant rats 2 cave spiders a brown mold a yellow mold 6 gnomes a gnome zombie 6 geckos 3 jackals a kobold a goblin 2 sewer rats 4 grid bugs 4 lichens 2 kobold zombies 3 newts 51 creatures vanquished. Voluntary challenges: You were vegetarian. You used a wielded weapon 63 times. You read items or engraved 262 times. You put on armor 4 times. You never genocided any monsters. You never polymorphed an object. You never changed form. You used no wishes. You wrote Elbereth's name 53 times. You never encountered a bones level. You never used any Sokoban shortcuts. Dungeon overview: The Dungeons of Doom: levels 1 to 4 Level 1 a fountain a long staircase Level 2 a fountain Level 3 some fountains Level 4 a sink stairs to The Gnomish Mines The Gnomish Mines: Level 5 <- You were here stairs to The Dungeons of Doom History has recorded: On T:1 you entered the Dungeons of Doom to retrieve the Amulet of Yendor! On T:372 you reached level 2 of The Dungeons of Doom. On T:645 you advanced to experience level 2. On T:907 you reached level 3 of The Dungeons of Doom. On T:1038 you advanced to experience level 3. On T:1252 you reached level 4 of The Dungeons of Doom. On T:1856 you advanced to experience level 4. On T:2164 you reached level 1 of The Gnomish Mines. Latest messages: [HP+1=22] You hit the dwarf. The gnome thrusts her dagger. The gnome hits! The dwarf thrusts her dagger. The dwarf misses. The gnome hits! [HP-8=14] You hit the dwarf. You miss the dwarf. The gnome is killed! The gnome thrusts her dagger. The gnome hits! The dwarf thrusts her dagger. The dwarf hits! The crossbow bolt hits the gnome! The gnome is killed! The gnome hits! Katia eats a gnome corpse. [HP-12=2] You hit the dwarf. You are hit by a crossbow bolt! You die... Final status: Aloha Arrhythmia the Tourist... You died in The Gnomish Mines on dungeon level 5 with 1005 points, and 874 pieces of gold, after 2419 moves. You were level 4 with a maximum of 30 hit points when you died.